 Dungeon Crawl Stone Soup version 0.30-a0-459-g9104f0fc43 (webtiles) character file.

Game seed: 14647793903321423382

715 IdlyInterested the Trooper (level 7, -2/56 HPs)
             Began as a Demonspawn Wanderer on Dec 14, 2022.
             Slain by a gnoll bouda
             ... wielding a +0 whip
              (3 damage)
             ... on level 5 of the Dungeon on Dec 15, 2022.
             The game lasted 00:21:49 (4325 turns).

IdlyInterested the Trooper (Demonspawn Wanderer)    Turns: 4325, Time: 00:21:50

Health: -2/56      AC: 12    Str: 13      XL:     7   Next: 41%
Magic:  10/10      EV:  9    Int: 11 (12) God:
Gold:   123        SH:  0    Dex: 15      Spells: 10/10 levels left

rFire   . . .      SeeInvis .      - Unarmed
rCold   . . .      Faith    .    (no shield)
rNeg    . . .      Spirit   .    h - +0 scale mail
rPois   .          Reflect  .    o - +1 helmet
rElec   .          Harm     .    r - +0 cloak
rCorr   .          Rampage  .    (no gloves)
Will    .....                    f - +0 pair of boots
Stlth   +.........               (no amulet)
HPRegen 0.29/turn                (no ring)
MPRegen 0.12/turn                (no ring)

@: weakened
A: claws 1, molten scales 1, ignite blood 1, powered by pain 1
a: no special abilities


You were on level 5 of the Dungeon.
You visited 2 branches of the dungeon, and saw 6 of its levels.

You collected 123 gold pieces.

Inventory:

Hand Weapons
 j - a +0 mace of protection
 m - a +0 short sword
 p - a +0 dagger of speed
Missiles
 e - 4 poisoned darts (quivered)
 n - 6 boomerangs
Armour
 d - a +0 robe
 f - a +0 pair of boots (worn)
 g - a +0 ring mail
 h - a +0 scale mail (worn)
 o - a +1 helmet (worn)
 r - a +0 cloak (worn)
Magical Staves
 c - a staff of poison
Wands
 b - a wand of polymorph (2)
Scrolls
 w - a scroll of vulnerability
Potions
 a - a potion of attraction
 i - 3 potions of brilliance
 v - a potion of cancellation


   Skills:
 - Level 5.2 Fighting
 - Level 1.0 Throwing
 * Level 1.7 Armour
 - Level 2.0 Dodging
 - Level 2.0 Stealth
 * Level 4.0 Unarmed Combat
 - Level 2.0 Spellcasting
 - Level 3.0 Ice Magic
 - Level 2.0 Evocations


You had 10 spell levels left.
You didn't know any spells.
Your spell library contained the following spells:

 Spells                   Type           Power      Damage    Failure   Level
 Freeze                   Ice            28%        1d5       36%         1
 Ensorcelled Hibernation  Hex/Ice        8%         N/A       73%         2
 Apportation              Tloc           2%         N/A       80%         1
 Hailstorm                Conj/Ice       4%         3d4       91%         3
 Alistair's Intoxication  Tmut/Pois      0%         N/A       100%        5


Dungeon Overview and Level Annotations

Branches:
Dungeon (5/15)             Temple (1/1) D:4

Altars:
Cheibriados
Fedhas
Gozag
Kikubaaqudgha
Makhleb
Nemelex Xobeh
Ru
Sif Muna
Trog
Vehumet
Wu Jian
Yredelemnul

Shops:
D:1 (   D:4 :


Innate Abilities, Weirdness & Mutations

You have sharp fingernails.
You are partially covered in molten scales. (AC +2)
Your demonic aura sometimes causes spilled blood to erupt in flames.
You sometimes gain a little power by taking damage.


Message History

You scratch the gnoll.
You kill the gnoll!
The gnoll bouda hits you with a +0 whip!
* * * LOW HITPOINT WARNING * * *
The gnoll hits you with a +0 flail.
* * * LOW HITPOINT WARNING * * *
Unknown command.
You scratch the gnoll.
The gnoll is moderately wounded.
The gnoll bouda completely misses you.
The gnoll is engulfed in blazing flames.
You kill the gnoll!
Your Unarmed Combat skill increases to level 4!
You scratch the gnoll bouda.
The gnoll bouda is moderately wounded.
The gnoll bouda closely misses you.
You scratch the gnoll bouda.
You claw the gnoll bouda, but do no damage.
The gnoll bouda is moderately wounded.
The gnoll bouda closely misses you.
You scratch the gnoll bouda.
The gnoll bouda is moderately wounded.
The gnoll bouda hits you but does no damage.
You scratch the gnoll bouda.
The gnoll bouda is heavily wounded.
The gnoll bouda barely misses you.
You scratch the gnoll bouda.
The gnoll bouda is almost dead.
The gnoll bouda utters an invocation to its god.
The gnoll bouda is healed somewhat.
You barely miss the gnoll bouda.
The gnoll bouda is heavily wounded.
The gnoll bouda hits you with a +0 whip.
* * * LOW HITPOINT WARNING * * *
You scratch the gnoll bouda but do no damage.
The gnoll bouda is heavily wounded.
The gnoll bouda gazes fiercely through you!
You feel as though you will be weak longer.
The gnoll bouda hits you with a +0 whip.
You die...

..........'.>...)..#
....#####.#........#
.......##.#........#
.........##########
.........#
.........#
........#####
......).)...#
..##...@g...# .
#...)....#
#........#
#........#
#........#
##########


You could see a gnoll bouda.

Vanquished Creatures
  An ice beast (D:4)
  A black bear (D:4)
  A necrophage (D:4)
  2 scorpions
  A hound (D:5)
  A gnoll bouda (D:3)
  Robin (D:2)
  10 gnolls
  9 adders
  7 dart slugs
  2 orcs
  4 ball pythons
  6 bats
  6 endoplasms
  4 giant cockroaches
  23 goblins
  8 hobgoblins
  2 jackals (D:4)
  2 quokkas
  4 frilled lizards (D:2)
  7 kobolds
  10 rats
112 creatures vanquished.

Vanquished Creatures (others)
  A goblin (D:2)
1 creature vanquished.

Grand Total: 113 creatures vanquished

Notes
Turn   | Place    | Note
-------+----------+-------------------------------------------
     0 | D:1      | IdlyInterested the Demonspawn Wanderer began the quest for
                  | the Orb.
     0 | D:1      | IdlyInterested set off with the following items: a +0
                  | dagger, a wand of polymorph (3), a potion of heal wounds, a
                  | +0 robe, a potion of lignification; and the following spell
                  | memorised: Freeze; and the following spells available to
                  | memorise: Ensorcelled Hibernation, Hailstorm.
     0 | D:1      | Reached XP level 1. HP: 15/15 MP: 2/2
   134 | D:1      | Gained mutation: You are partially covered in molten
                  | scales. (AC +2) [demonic ancestry]
   134 | D:1      | Reached XP level 2. HP: 20/21 MP: 3/3
   365 | D:1      | Reached skill level 1 in Dodging
   789 | D:1      | Found Roqaa's Weapon Boutique.
   800 | D:1      | Reached skill level 2 in Fighting
   857 | D:1      | Found a faded altar of an unknown god.
  1054 | D:2      | Gained mutation: You sometimes gain a little power by
                  | taking damage. [demonic ancestry]
  1054 | D:2      | Reached XP level 3. HP: 27/27 MP: 4/4
  1294 | D:2      | Noticed Robin
  1325 | D:1      | Reached skill level 1 in Throwing
  1526 | D:2      | Killed Robin
  1527 | D:2      | Reached skill level 1 in Armour
  1697 | D:2      | Gained mutation: You have sharp fingernails. [demonic
                  | ancestry]
  1697 | D:2      | Reached XP level 4. HP: 22/34 MP: 5/5
  1811 | D:2      | Upgraded the game from 0.30-a0-458-g86641cc369 to
                  | 0.30-a0-459-g9104f0fc43
  1920 | D:2      | Reached skill level 3 in Fighting
  2347 | D:3      | Reached XP level 5. HP: 20/41 MP: 6/6
  2595 | D:3      | Reached skill level 4 in Fighting
  3163 | D:4      | Found a staircase to the Ecumenical Temple.
  3171 | Temple   | Entered the Ecumenical Temple
  3257 | D:4      | Noticed an ice beast
  3345 | D:4      | Killed an ice beast
  3346 | D:4      | Reached skill level 5 in Fighting
  3346 | D:4      | Gained mutation: Your demonic aura sometimes causes spilled
                  | blood to erupt in flames. [demonic ancestry]
  3346 | D:4      | Reached XP level 6. HP: 26/51 MP: 6/8
  3728 | D:4      | Reached XP level 7. HP: 16/56 MP: 10/10
  3907 | D:4      | Found Nutykak's Vocational Training.
  4145 | D:5      | Entered Level 5 of the Dungeon
  4317 | D:5      | HP: 2/56 [gnoll/+0 flail[a gnoll bouda] (2)]
  4324 | D:5      | HP: 1/56 [gnoll bouda/+0 whip (3)]
  4325 | D:5      | Slain by a gnoll bouda

Illustrated notes

Levels and vault maps discovered:
D:1:      scummos_arrival_checkerplants, layout_basic,
          hellmonk_ecumenical_altar_inner_sanctum, serial_shops, shop
D:2:      layout_rooms, serial_corexii_hall, chequers_hall_statues_corner_a,
          chequers_hall_statues_y, uniq_robin
D:3:      layout_rooms
D:4:      layout_basic, minmay_temple_entry_arrows, grunt_ministairs_15,
          nicolae_shop_vocational
D:5:      layout_basic, gup_sewer_entry_spiral, minmay_misc_feat_enclosed
Temple:   hellmonk_temple_of_storms

Skill      XL: |  1  2  3  4  5  6  7 |
---------------+----------------------+-----
Ice Magic      | 3 |  3.0
Dodging        | 1 2 |  2.0
Fighting       | 2 3 5 |  5.2
Throwing       | 1 |  1.0
Armour         | 1 |  1.7
Stealth        | 2 |  2.0
Unarmed Combat | 2 3 4 |  4.0
Spellcasting   | 2 |  2.0
Evocations     | |  2.0

Action                   |  1- 3 |  4- 6 |  7- 9 || total
-------------------------+-------+-------+-------++-------
Melee: Dagger            |   143 |       |       ||   143
       Punch             |     5 |    10 |     5 ||    20
       Short sword       |   112 |   339 |       ||   451
       Unarmed           |       |    59 |    65 ||   124
Throw: Stone             |       |    20 |     2 ||    22
       Dart              |       |       |     3 ||     3
 Cast: Freeze            |     2 |       |       ||     2
Evoke: Wand              |       |     1 |       ||     1
  Use: Scroll            |     1 |     5 |     4 ||    10
       Potion            |     1 |    10 |       ||    11
 Stab: Sleeping          |     2 |       |       ||     2
Armor: Robe              |    18 |       |       ||    18
       Scale mail        |   116 |   236 |    38 ||   390
       Ring mail         |     1 |       |       ||     1
       Skin              |       |     3 |       ||     3
Dodge: Dodged            |   120 |   204 |    40 ||   364

Table legend: (Time is in decaauts)
 A = Elapsed time spent in this place.
 B = Non-inter-level travel time spent in this place.
 C = Inter-level travel time spent in this place.
 D = Time resting spent in this place.
 E = Time spent auto-exploring this place.
 F = Levels seen in this place.
 G = Mean time per level.
                   A        B        C        D        E       F      G
               +--------+--------+--------+--------+--------+-----+--------+
         Total |   4264 |   3885 |    379 |    845 |   1504 |   6 |  710.7 |
       Dungeon |   4151 |   3811 |    340 |    845 |   1452 |   5 |  830.2 |
        Temple |    113 |     74 |     39 |      0 |     52 |   1 |  113.0 |
               +--------+--------+--------+--------+--------+-----+--------+

Top non-repeatable levels by time:
     D:1: 1387 daAuts
     D:2: 900 daAuts
     D:4: 843 daAuts
     D:3: 843 daAuts
     D:5: 177 daAuts
  Temple: 113 daAuts
